 Dungeon Crawl Stone Soup version 0.27.1-35-g4d5d836560 (console) character file.

Game seed: 5032987878323071750

41 Faeu the Firebug (level 3, -1/22 (26) HPs)
             Began as a Draconian Fire Elementalist on May 17, 2022.
             Slain by a necrophage (2 damage)
             ... on level 4 of the Dungeon.
             The game lasted 00:08:05 (1782 turns).

Faeu the Firebug (Draconian Fire Elementalist)      Turns: 1782, Time: 00:08:05

HP:   -1/22 (26)    AC:  5    Str: 10    XL:     3   Next: 32%
MP:   3/6           EV: 12    Int: 16    God:
Gold: 81            SH:  0    Dex: 11    Spells: 5/6 levels left

rFire    . . .     SeeInvis .   e - +0 dagger (freeze) {short}
rCold    . . .     Faith    .   (no shield)
rNeg     . . .     Spirit   .   (armour unavailable)
rPois    .         Reflect  .   (helmet restricted)
rElec    .         Harm     .   (no cloak)
rCorr    .         Rampage  .   (no gloves)
Will     .....                  (no boots)
Stlth    ++........             q - amulet of magic regeneration {@e2}
HPRegen  0.07/turn              (no ring)
MPRegen  0.35/turn              (no ring)

@: heavily drained
A: AC +5, unfitting armour, cold-blooded
a: no special abilities


You were on level 4 of the Dungeon.
You visited 1 branch of the dungeon, and saw 4 of its levels.

You collected 81 gold pieces.


Innate Abilities, Weirdness & Mutations

Your plain brown scales are hard. (AC +5)
You cannot fit into any form of body armour.
You are cold-blooded and may be slowed by cold attacks.


   Skills:
 - Level 1.7 Dodging
 - Level 1.7 Stealth
 - Level 2.0 Spellcasting
 - Level 1.0 Conjurations
 + Level 4.4 Fire Magic


You had 5 spell levels left.
You knew the following spells:

 Your Spells              Type           Power      Damage    Failure   Level
a - Foxfire               Conj/Fire      40%        2x1d6     7%          1

Your spell library contained the following spells:

 Spells                   Type           Power      Damage    Failure   Level
 Conjure Flame            Conj/Fire      10%        6-21      21%         3
 Inner Flame              Hex/Fire       8%         N/A       26%         3
 Sticky Flame             Conj/Fire      10%        2d3       56%         4
 Fireball                 Conj/Fire      5%         3d5       88%         5
 Chain Lightning          Conj/Air       1%         3d2       100%        9
 Fire Storm               Conj/Fire      5%         8d1       100%        9

Inventory:

Hand Weapons
 e - a +0 dagger of freezing (weapon) {short}
   (You took it off a goblin on level 2 of the Dungeon)
 i - a +0 spear {polearm}
   (You found it on level 2 of the Dungeon)
 m - a +0 trident {polearm}
   (You found it on level 2 of the Dungeon)
Missiles
 h - 33 stones {throwing}
 n - 14 arrows
 o - 15 bolts
Jewellery
 k - a ring of protection from cold
   (You found it on level 2 of the Dungeon)
 q - an amulet of magic regeneration (around neck) {@e2}
   (You found it on level 4 of the Dungeon)
Scrolls
 a - a scroll of enchant armour {unknown}
 c - a scroll of fog {unknown}
 d - a scroll of noise {unknown}
 f - a scroll of magic mapping {unknown}
 g - a scroll of amnesia {unknown}
 l - 2 scrolls of identify {unknown}
 p - a scroll of teleportation {unknown}
Potions
 b - 2 potions of curing {unknown}
 j - a potion of heal wounds {unknown}

Dungeon Overview and Level Annotations

Branches:
Dungeon (3/15)

Altars:

Annotations:
D:3 Robin

## .### .# .... .#
.###..###### .#
..........@########.#
...#....โ€
n..........#
#.#####.######...# ..
#.# #...# ... #.#
#..## ..
##.######..###### .
#.........).....#
#รท########.####.#
#.# #.# #.# #.# #.#
#.# #.# #.# #.#


You could see a necrophage.


Message History

HP restored. ๐Ÿ˜Ž HP[+16]
The goblin shouts!
You miscast Foxfire.
You are very lightly contaminated with residual magic.
Nothing appears to happen. ๐Ÿ˜Ž MP[-1]
You lost 1 mp, and now have 5/6 mp.
You conjure some foxfire! ๐Ÿ˜Ž MP[-1]
You lost 1 mp, and now have 4/6 mp.
You conjure some foxfire!
The foxfire hits the goblin.
You kill the goblin!
You start resting.
Your magical contamination has completely faded away. ๐Ÿ˜Ž MP[+1] ๐Ÿ˜Ž MP[+1]
Your mp is fully restored (6).
You see here a +0 club {mace}.
No target in view!
The ball python hisses angrily.
You now have 81 gold pieces (gained 4).
You conjure some foxfire! ๐Ÿ˜Ž MP[-1]
You lost 1 mp, and now have 5/6 mp.
The foxfire hits the ball python. ๐Ÿ˜Ž MP[+1]
Your mp is fully restored (6).
You conjure some foxfire! ๐Ÿ˜Ž MP[-1]
You lost 1 mp, and now have 5/6 mp.
The foxfire hits the ball python.
You kill the ball python! ๐Ÿ˜Ž MP[+1]
Your mp is fully restored (6).
A necrophage comes into view.
You conjure some foxfire! ๐Ÿ˜Ž MP[-1]
You lost 1 mp, and now have 5/6 mp.
You miscast Foxfire.
You are very lightly contaminated with residual magic.
Nothing appears to happen.
The foxfire hits the necrophage. x2
You conjure some foxfire! ๐Ÿ˜Ž MP[-1]
You lost 1 mp, and now have 4/6 mp.
The foxfire hits the necrophage. x2
The necrophage hits you but does no damage.
You conjure some foxfire!
The necrophage hits you but does no damage.
You conjure some foxfire!
The foxfire hits the necrophage.
The foxfire hits the necrophage but does no damage.
The necrophage hits you but does no damage. ๐Ÿ˜Ž MP[-1]
You lost 1 mp, and now have 3/6 mp.
You conjure some foxfire!
The foxfire hits the necrophage but does no damage.
The necrophage hits you.
You feel drained. ๐Ÿ˜• HP[-7] MP[-1]
You now have 24 max hp (-2).
You take 7 damage, and now have 19/24 hp.
MASSIVE DAMAGE!! (PAUSE)
You lost 1 mp, and now have 2/6 mp.
You conjure some foxfire!
The foxfire hits the necrophage. x2
The necrophage closely misses you.
Your magical contamination has completely faded away.
You conjure some foxfire!
The foxfire hits the necrophage but does no damage.
The necrophage hits you.
You feel drained. ๐Ÿ˜ฎ HP[-6] MP[-1]
You now have 22 max hp (-2).
You take 6 damage, and now have 13/22 hp.
MASSIVE DAMAGE!! (PAUSE)
You lost 1 mp, and now have 1/6 mp.
You barely miss the necrophage.
The foxfire hits the necrophage. x2
The necrophage hits you.
* * * LOW HITPOINT WARNING * * *
๐Ÿ˜จ HP[-4]
You take 4 damage, and now have 9/22 hp.
You closely miss the necrophage.
The necrophage barely misses you. ๐Ÿ˜จ HP[+1] MP[+1]
You hit the necrophage. The necrophage hits you.
* * * LOW HITPOINT WARNING * * *
๐Ÿ˜จ HP[-2]
You take 2 damage, and now have 8/22 hp.
You hit the necrophage. You freeze the necrophage. The necrophage hits you!
* * * LOW HITPOINT WARNING * * *
๐Ÿ˜ฑ HP[-7]
You take 7 damage, and now have 1/22 hp.
MASSIVE DAMAGE!! (PAUSE)
You hit the necrophage but do no damage.
The necrophage hits you but does no damage. ๐Ÿ˜ฑ MP[+1]
You are too injured to fight recklessly!
You closely miss the necrophage. The necrophage misses you.
You hit the necrophage but do no damage.
The necrophage hits you.
You die...

Skill      XL: |  1  2 |
---------------+-------+-----
Fire Magic     | 4 |  4.4
Dodging        | |  1.7
Stealth        | |  1.7
Spellcasting   | |  2.0
Conjurations   | |  1.0

Action                   || total
-------------------------++-------
Melee: Unarmed           ||    22
       Tailslap          ||     3
       Dagger            ||    23
 Cast: Foxfire           ||    49
Armor: Skin              ||    38
Dodge: Dodged            ||    40

Levels and vault maps discovered:
D:1:      beargit_arrival_diablo_church, layout_basic,
          hellmonk_ecumenical_altar_pennies_from_heaven
D:2:      layout_rooms
D:3:      layout_basic, uniq_robin
D:4:      layout_loops_ring, minmay_temple_entry_wispy, kennysheep_small_square

Notes
Turn   | Place    | Note
-------+----------+-------------------------------------------
     0 | D:1      | Faeu the Draconian Fire Elementalist began the quest for
                  | the Orb.
     0 | D:1      | Reached XP level 1. HP: 14/14 MP: 3/3
     0 | D:1      | magus.rc [v1.9.6]
    46 | D:1      | You pick up a book of Annihilations and begin reading...
    46 | D:1      | You add the spells Chain Lightning and Fire Storm to your
                  | library.
   461 | D:2      | Reached XP level 2. HP: 20/20 MP: 3/5
  1151 | D:3      | Reached skill level 4 in Fire Magic
  1253 | D:3      | Noticed Robin
  1273 | D:3      | Reached XP level 3. HP: 26/26 MP: 0/6
  1454 | D:3      | You fall into a shaft and drop 1 floor!
  1765 | D:4      | Noticed a necrophage
  1779 | D:4      | HP: 1/22 [necrophage (7)]
  1782 | D:4      | Slain by a necrophage

Vanquished Creatures
  An adder (D:4)
  A dart slug (D:2)
  3 ball pythons
  4 endoplasms
  A giant cockroach (D:2)
  6 goblins
  2 hobgoblins
  4 quokkas
  A bat (D:3)
  A frilled lizard (D:1)
  2 rats
26 creatures vanquished.

Vanquished Creatures (others)
  83 foxfires
83 creatures vanquished.

Grand Total: 109 creatures vanquished

Table legend:
 A = Non-vault XP
 B = Vault XP
 C = Vault XP percentage of total XP
 D = Non-vault monster count
 E = Vault monster count
 F = Vault count percentage of total count
                 A         B        C        D         E       F
            +---------+---------+-------+---------+---------+-------
      Total |      55 |       4 |   6.8 |      24 |       2 |   7.7
            +---------+---------+-------+---------+---------+-------
        D:1 |       8 |       0 |   0.0 |       5 |       0 |   0.0
        D:2 |      20 |       0 |   0.0 |       9 |       0 |   0.0
        D:3 |       9 |       4 |  30.8 |       6 |       2 |  25.0
        D:4 |      18 |       0 |   0.0 |       4 |       0 |   0.0
            +---------+---------+-------+---------+---------+-------

Illustrated notes

Table legend:
 A = Kills in this place as a percentage of kills in entire the game.
 B = Kills by you in this place as a percentage of kills by you in the entire game.
 C = Kills by friends in this place as a percentage of kills by friends in the entire game.
 D = Other kills in this place as a percentage of other kills in the entire game.
 E = Experience gained in this place as a percentage of experience gained in the entire game.
 F = Experience gained in this place divided by the number of levels of this place that you have seen.
                   A       B       C       D       E      F
               +-------+-------+-------+-------+-------+----------------------
         Total | 100.0 | 100.0 |   N/A |   N/A | 100.0 |  14.8
       Dungeon | 100.0 | 100.0 |   N/A |   N/A | 100.0 |  14.8
               +-------+-------+-------+-------+-------+----------------------

Table legend: (Time is in decaauts)
 A = Elapsed time spent in this place.
 B = Non-inter-level travel time spent in this place.
 C = Inter-level travel time spent in this place.
 D = Time resting spent in this place.
 E = Time spent auto-exploring this place.
 F = Levels seen in this place.
 G = Mean time per level.
                   A        B        C        D        E       F      G
               +--------+--------+--------+--------+--------+-----+--------+
         Total |   1784 |   1754 |     30 |    543 |    459 |   4 |  446.0 |
       Dungeon |   1784 |   1754 |     30 |    543 |    459 |   4 |  446.0 |
               +--------+--------+--------+--------+--------+-----+--------+

Top non-repeatable levels by time:
     D:2: 1014 daAuts
     D:4: 327 daAuts
     D:3: 236 daAuts
     D:1: 206 daAuts
